 Dungeon Crawl Stone Soup version 0.17-a0-2108-g65e8068 (webtiles) character file.

58 Kromin the Chopper (level 3, -6/31 HPs)
             Began as a Minotaur Berserker on Oct 19, 2015.
             Was a Believer of Trog.
             Killed by divine providence
             ... invoked by an orc priest
              (15 damage)
             ... on level 3 of the Dungeon.
             The game lasted 00:01:38 (1124 turns).

Kromin the Chopper (Minotaur Berserker)             Turns: 1124, Time: 00:01:38

Health: -6/31      AC:  2    Str: 22    XL:     3   Next: 75%
Magic:  2/2        EV: 12    Int:  4    God:    Trog [**....]
Gold:   69         SH:  0    Dex:  9    Spells: 0 memorised, 2 levels left

rFire  . . .     SeeInvis .     a - +0 hand axe
rCold  . . .     Clarity  .     b - +0 animal skin
rNeg   . . .     SustAt   .     (no shield)
rPois  .         Gourm    .     (helmet restricted)
rElec  .         Spirit   .     (no cloak)
rCorr  .         Warding  .     (no gloves)
rMut   .         Stasis   .     (no boots)
MR     .....                    (no amulet)
Stlth  +.........               (no ring)
                                (no ring)

@: not resistant to hostile enchantments, very unstealthy
A: retaliatory headbutt, horns 2
a: Berserk, Trog's Hand, Burn Spellbooks, Renounce Religion


You were on level 3 of the Dungeon.
You worshipped Trog.
Trog was pleased with you.
You were not hungry.

You visited 1 branch of the dungeon, and saw 3 of its levels.

You collected 69 gold pieces.

Inventory:

Hand Weapons
 a - a +0 hand axe (weapon)
Armour
 b - a +0 animal skin (worn)
Jewellery
 q - an uncursed amulet of clarity {unknown}
Scrolls
 d - a scroll of blinking {unknown}
 e - a scroll of magic mapping {unknown}
 g - a scroll of enchant armour {unknown}
 h - 2 scrolls of teleportation {unknown}
 j - a scroll of amnesia {unknown}
 l - 3 scrolls of remove curse {unknown}
 r - 2 scrolls of identify {unknown}
Potions
 m - 5 potions of might {unknown}
 n - a potion of flight {unknown}
 o - a potion of invisibility {unknown}
 p - a potion of brilliance {unknown}
Comestibles
 c - 2 bread rations
 f - a meat ration
 i - 2 fruits
 k - a beef jerky


   Skills:
 - Level 3.6 Fighting
 + Level 5.7 Axes
 - Level 2.4 Armour
 - Level 2.1 Dodging


You had 2 spell levels left.
You didn't know any spells.

Dungeon Overview and Level Annotations

Branches:
Dungeon (3/15)

Altars:
Dithmenos
Ru
Xom


Innate Abilities, Weirdness & Mutations

You reflexively headbutt those who attack you in melee.
You have a pair of horns on your head.


Message History

You hit the orc priest but do no damage.
The orc priest casts a cantrip, but nothing happens.
You hit the orc priest but do no damage.
You headbutt the orc priest.
The orc priest is lightly wounded.
The orc priest invokes the aid of Beogh against you.
Pain shoots through your body!
You hit the orc priest.
You headbutt the orc priest, but do no damage.
The orc priest is severely wounded.
The orc priest hits you with a short sword.
* * * LOW HITPOINT WARNING * * *
You are too injured to fight recklessly!
You are too injured to fight recklessly!
You are too injured to fight recklessly!
You barely miss the orc priest. You headbutt the orc priest.
The orc priest is almost dead.
The orc priest mumbles some strange prayers to Beogh against you.
Something smites you!
You die...

#....
####..#.#
#...
#....#.#####
...
#.#.##.....#
...
#.#....###.#
#....#.....#
+...##..####
##......#
....###.#
.###.# #@# .
..# #o# ##
#.# #.# #.#
#.# #.# ..#


You could see an orc priest.

Vanquished Creatures
  An adder (D:3)
  A giant gecko (D:2)
  4 orcs (D:3)
  7 bats
  3 giant cockroaches
  3 goblins
  3 hobgoblins
  3 jackals (D:2)
  7 kobolds
  4 giant newts
  4 rats
40 creatures vanquished.

Notes
Turn   | Place    | Note
--------------------------------------------------------------
     0 | D:1      | Kromin the Minotaur Berserker began the quest for the Orb.
     0 | D:1      | Reached XP level 1. HP: 19/19 MP: 0/0
    84 | D:1      | Reached skill level 4 in Axes
   333 | D:1      | Reached XP level 2. HP: 23/26 MP: 1/1
   608 | D:2      | Found a sacrificial altar of Ru.
   701 | D:2      | Reached skill level 5 in Axes
   724 | D:2      | Found a shadowy altar of Dithmenos.
   741 | D:2      | Reached ** piety under Trog
   825 | D:2      | Reached XP level 3. HP: 26/31 MP: 2/2
  1051 | D:3      | Found a shimmering altar of Xom.
  1124 | D:3      | Killed from afar by an orc priest

Vault maps used:
D:1:      minmay_arrival_checkered_box
D:2:      grunt_dithmenos_smoke, nicolae_ru_path_of_blood
D:3:      nicolae_overflow_crystal_walls, first_bread, amethyst_killhole

Action                   || total
-------------------------++-------
Melee: Hand axe          ||    93
  Eat: Chunk             ||     1
